cohdb
Replays
Latest Replays
All Replays
Popular Replays
Top Player Replays
Match Explorer
How It Works
Community
CoH3 Stats
Reddit
Sign in to upload your games and track your stats! →
Sign in with Steam
Match 41525852
Unlisted
Match 41525852
Overview
Messages
Build Orders
End
Construct Section Command Post
Vickers Machine Gun Team
Infantry Section
Selects Heavy Armor Battlegroup
Infantry Section
Infantry Section
Construct Platoon Command Post
6-pounder Anti-tank Gun Team
Royal Engineer Section
CMP 15cwt Truck
Selects Light Vehicle Withdraw and Refit
Selects Radio Net
Light Vehicle Withdraw and Refit
Construct Company Command Post
Crusader II Medium Tank
Selects Recon Artillery
Recon Artillery
CMP 15cwt Truck
Crusader II Medium Tank
Unlock Bishop Self-propelled Artillery
Recon Artillery
Bishop Self-propelled Artillery
Royal Engineer Section
Selects Rigorous Vehicle Training
Selects Forward Repair Assembly
Sponge Bob
bl4ckjack
CalmSassarShow
rune41
Prime
THE one-冰封夕阳
raven182
majintal excumuration
0
0
Comments
sign in to comment!
No comments posted yet!